 Dungeon Crawl Stone Soup version 0.30-a0-782-ge64f9170bb (webtiles) character file.

Game seed: 13543442242139604783

35987 Ge0ff the Conjurer (level 13, -9/105 HPs)
             Began as a Demigod Artificer on Feb 27, 2023.
             Mangled by a catoblepas (18 damage)
             ... on level 3 of the Lair of Beasts.
             The game lasted 00:55:46 (27213 turns).

Ge0ff the Conjurer (Demigod Artificer)             Turns: 27213, Time: 00:55:47

Health: -9/105     AC:  8    Str: 10    XL:     13   Next: 19%
Magic:  20/38      EV: 11    Int: 34    God:
Gold:   1006       SH:  9    Dex: 14    Spells: 11/27 levels left

rFire   . . .      SeeInvis +    a - +4 spear of Ysuwisush {flame, rElec rCorr Str-3 Int+5}
rCold   + . .      Faith    .    G - +0 buckler
rNeg    + + .      Spirit   .    N - +1 robe {Archmagi}
rPois   +          Reflect  +    W - +0 mask of the Dragon {Will+ Slay+3 SInv}
rElec   +          Harm     .    O - +0 cloak
rCorr   +          Rampage  .    j - +1 pair of gloves
Will    +....      Archmagi +    V - +1 pair of boots of Makhleb's Generosity {Drain +Blink rC+ rN+}
Stlth   ++                       S - amulet of reflection
HPRegen 0.37/turn                v - ring of positive energy
MPRegen 0.26/turn                K - ring "Sepp" {+Blink rPois Will- MP+9, =R}

@: no status effects
A: high MP 1, forlorn, divine attributes
a: Evoke Blink


You were on level 3 of the Lair of Beasts.
You visited 3 branches of the dungeon, and saw 15 of its levels.

You collected 1433 gold pieces.
You spent 427 gold pieces at shops.

Inventory:

Hand Weapons
 a - the +4 spear of Ysuwisush (weapon) {flame, rElec rCorr Str-3 Int+5}
   (You took it off a spriggan on level 1 of the Lair of Beasts)

   Str:       It affects your strength (-3).
   Int:       It affects your intelligence (+5).
   rElec:     It insulates you from electricity.
   rCorr:     It protects you from acid and corrosion.
 b - a +1 falchion of electrocution
 k - a +3 heavy spear
 w - a +3 dagger of venom
 D - a +3 trident
 U - a +2 flail of draining
Missiles
 g - 5 throwing nets {=F}
 h - 16 boomerangs of dispersal
 A - a boomerang (quivered)
 P - 6 javelins
 Y - 29 poisoned darts
Armour
 j - a +1 pair of gloves (worn)
 l - a +3 leather armour of willpower
 n - a +1 helmet of intelligence
 p - +0 acid dragon scales
 t - a +2 robe of resistance
 G - a +0 buckler (worn)
 N - a +1 robe of the Archmagi (worn)
 O - a +0 cloak (worn)
 V - the +1 pair of boots of Makhleb's Generosity (worn) {Drain +Blink rC+ rN+}
   (You bought it in a shop on level 1 of the Dungeon)

   rC:        It protects you from cold.
   rN:        It protects you from negative energy.
   +Blink:    It lets you blink.
   Drain:     It drains your maximum health when unequipped.
 W - the +0 mask of the Dragon (worn) {Will+ Slay+3 SInv}
   (You found it on level 3 of the Lair of Beasts)

   Slay:      It affects your accuracy & damage with ranged weapons and melee
   (+3).
   SInv:      It lets you see invisible.
   Will:      It increases your willpower.
Magical Staves
 o - a staff of earth
 x - a staff of death
 y - a staff of cold
Jewellery
 v - a ring of positive energy (left hand)
 K - the ring "Sepp" (right hand) {+Blink rPois Will- MP+9, =R}
   (You took it off an orc wizard on level 9 of the Dungeon)

   [ring of magical power]

   rPois:     It protects you from poison.
   MP:        It affects your magic capacity (+9).
   +Blink:    It lets you blink.
   Will:      It decreases your willpower.
 S - an amulet of reflection (around neck)
Wands
 d - a wand of digging (12)
 e - a wand of charming (30)
 f - a wand of flame (28)
 r - a wand of roots (17)
 s - a wand of mindburst (7)
Scrolls
 B - a scroll of blinking
 C - 2 scrolls of poison
 E - 2 scrolls of fear
 F - 5 scrolls of fog
 J - a scroll of silence {!r}
 T - 4 scrolls of teleportation
Potions
 i - 2 potions of degeneration {unknown}
 m - 2 potions of magic {unknown}
 q - 9 potions of curing
 u - 2 potions of mutation {!q}
 z - 2 potions of brilliance
 H - a potion of haste {!q}
 I - a potion of invisibility
 L - 3 potions of lignification
 M - 2 potions of might
 Q - 3 potions of attraction {unknown}
 R - a potion of resistance
 X - 5 potions of flight
 Z - a potion of cancellation {unknown}
Miscellaneous
 c - a condenser vane (inert)


   Skills:
 + Level 7.0 Fighting
 + Level 7.5 Short Blades
 - Level 1.0 Maces & Flails
 * Level 3.5 Polearms
 - Level 2.0 Armour
 - Level 0.8 Dodging
 - Level 2.0 Stealth
 + Level 2.4 Shields
 - Level 7.9 Spellcasting
 - Level 7.9 Conjurations
 - Level 7.9 Hexes
 + Level 6.2 Summonings
 - Level 7.9 Translocations
 + Level 6.0 Air Magic
 - Level 3.0 Evocations


You had 11 spell levels left.
You knew the following spells:

 Your Spells              Type           Power      Damage    Failure   Level
l - Summon Lightning Spi  Summ/Air       70%        N/A       3%          4
s - Fulminant Prism       Conj/Hex       39%        3d17      1%          4
B - Blink                 Tloc           100%       N/A       1%          2
C - Momentum Strike       Conj/Tloc      100%       3d10      1%          2
E - Iskenderun's Mystic   Conj/Tloc      79%        2d16      1%          4

Your spell library contained the following spells:

 Spells                   Type           Power      Damage    Failure   Level
 Shock                    Conj/Air       100%       1d9       1%          1
 Lesser Beckoning         Tloc           100%       N/A       1%          2
 Dazzling Flash           Conj/Hex       100%       N/A       1%          3
 Kindle Blastsparks       Fire/Tloc/Air  100%       2d18      1%          3
 Swiftness                Air            69%        N/A       1%          3
 Cause Fear               Hex            39%        N/A       1%          4
 Inner Flame              Hex/Fire       57%        N/A       2%          3
 Airstrike                Air            34%        2d(5-21)  3%          4
 Lightning Bolt           Conj/Air       37%        1d55      7%          5
 Lee's Rapid Deconstruct  Erth           10%        3d8*      77%         5
 Starburst                Conj/Fire      28%        6d9       78%         6
 Discord                  Hex            39%        N/A       100%        8


Dungeon Overview and Level Annotations

Branches:
Dungeon (11/15) Zot: 23988  Temple (1/1) D:7 Zot: 5871    Lair (3/5) D:10 Zot: 13508
 Shoals (0/4) Lair:2        Snake (0/4) Lair:2          Orc (0/2) D:9

Shops:
D:1 [   D:7 [   D:10 [

Annotations:
Lair:1 (30 dam Gr ghost)


Innate Abilities, Weirdness & Mutations

You have an increased reservoir of magic. (+10% MP)
You shall have no god before yourself.
Your divine heritage dramatically boosts your attributes as you level up.


Message History

You feel a surge of power!
You erupt in a blast of force!
The mystic blast hits the catoblepas!
The catoblepas is severely wounded.
The catoblepas is knocked back by the mystic blast.
The catoblepas breathes a plume of calcifying dust at you.
The blast of calcifying dust hits you!
You are engulfed in calcifying dust.
You are slowing down.
The catoblepas gores you!!
Your limbs are stiffening.
Casting: Iskenderun's Mystic Blast (mildly dangerous; 1% risk of failure)
Confirm with . or Enter, or press ? or * to list all spells.
You feel a surge of power!
You erupt in a blast of force!
The mystic blast hits the catoblepas!
The catoblepas is severely wounded.
The catoblepas breathes a plume of calcifying dust at you.
The blast of calcifying dust hits you but does no damage.
You have turned to stone.
You are engulfed in calcifying dust.
The catoblepas breathes a plume of calcifying dust at you.
The blast of calcifying dust hits you but does no damage.
You are engulfed in calcifying dust.
The catoblepas gores you!!
You are engulfed in calcifying dust.
The catoblepas breathes a plume of calcifying dust at you.
The blast of calcifying dust hits you!
You are engulfed in calcifying dust.
The catoblepas gores you!!
You are engulfed in calcifying dust.
The catoblepas gores you!
* * * LOW HITPOINT WARNING * * *
You are engulfed in calcifying dust.
The catoblepas breathes a plume of calcifying dust at you.
The blast of calcifying dust hits you.
The catoblepas breathes a plume of calcifying dust at you.
The blast of calcifying dust hits you.
* * * LOW HITPOINT WARNING * * *
You are engulfed in calcifying dust.
The catoblepas gores you!!
* * * LOW HITPOINT WARNING * * *
You are engulfed in calcifying dust.
The catoblepas gores you but does no damage.
You are engulfed in calcifying dust.
The catoblepas gores you!
* * * LOW HITPOINT WARNING * * *
You turn to flesh and can move again.
Unknown command.
The catoblepas attacks as you move away!
The catoblepas gores you!!
You die...

####................###
?#.#P....####.....##.## #
.........# #...####... #
........## ##.P# ##.#.. #
.###.....# #.## #.# .
########[# ##.#.## #.# ##.# .
#.P.##.P.###P.#..# #.##
#P.##. ..........###.#.##
#..# ##.)... P#####....#
#..Y@# #.P# #...#.# ##
##..#.##......# #.#####...##
#....###..#.#.# ##.P.###.....
##.#........... #............
#....#####.#.#######...##.##.
##P...P######.# #........#.
##...#.P..####.## #....P.##.#
#.#...<..#.#.#..# #..########
###.............#### ##.# #.


You could see a catoblepas.

Vanquished Creatures
  The ghost of Puas the Warrior, a journeyman GrBe of Trog (Lair:1)
  3 hydras
  A centaur warrior (D:9)
  5 two-headed ogres
  Urug (D:10)
  Lodul (D:10)
  3 manticores
  A cyclops (D:9)
  6 elephants (Lair:1)
  A merfolk siren (Lair:2)
  3 gargoyles
  2 rime drakes (Lair:3)
  6 cane toads
  5 komodo dragons
  2 hornets
  2 polar bears
  8 blink frogs (Lair:3)
  2 wraiths
  Sigmund (D:3)
  A slime creature (D:11)
  A vampire (D:11)
  2 shadows
  5 spriggans
  55 yaks
  A wyvern (Lair:2)
  3 steam dragons (D:9)
  A hog (shapeshifter) (D:8)
  2 basilisks
  Grum (D:10)
  The ghost of
  112233 the Grave Robber, an amateur DsNe (D:4)
  2 vampire mosquitoes
  3 nagas (Lair:2)
  2 acid dragons
  6 water moccasins
  4 orc warriors (D:9)
  An ice beast (D:7)
  3 sky beasts
  A black bear (Lair:1)
  10 ogres
  6 wolves
  A boggart (D:9)
  4 centaurs
  3 kobold brigands
  5 bullfrogs
  A necrophage (D:5)
  3 gnoll sergeants
  4 scorpions
  8 wights
  8 killer bees
  A howler monkey (D:7)
  2 electric eels (D:7)
  4 hounds
  6 jellies
  3 gnoll boudas
  12 orc priests
  4 iguanas
  7 orc wizards
  Robin (D:3)
  6 adders
  18 gnolls
  5 white imps
  2 ufetubi (D:6)
  2 worms
  A dart slug (D:3)
  26 orcs
  6 ball pythons
  5 bats
  4 endoplasms
  4 giant cockroaches
  10 goblins (D:3)
  10 hobgoblins
  13 kobolds
  4 quokkas
  7 frilled lizards
  5 rats
370 creatures vanquished.

Vanquished Creatures (collateral kills)
  A cane toad (Lair:1)
  An adder (D:3)
  2 ball pythons (D:3)
4 creatures vanquished.

Vanquished Creatures (others)
  A kobold brigand (D:9)
  A kobold (D:9)
  A bush (Lair:1)
  39 fulminant prisms
  22 fungi
  27 plants
91 creatures vanquished.

Grand Total: 465 creatures vanquished

Notes
Turn   | Place    | Note
-------+----------+-------------------------------------------
     0 | D:1      | Ge0ff the Demigod Artificer began the quest for the Orb.
     0 | D:1      | Reached XP level 1. HP: 15/15 MP: 3/3
    38 | D:1      | Reached skill level 1 in Fighting
   321 | D:1      | Reached XP level 2. HP: 23/23 MP: 4/4
   714 | D:1      | Found Vastreb's Antique Armour Shop.
   771 | D:2      | Reached skill level 1 in Maces & Flails
   771 | D:2      | Reached skill level 1 in Stealth
   841 | D:2      | Reached XP level 3. HP: 29/29 MP: 5/5
  2353 | D:3      | Reached XP level 4. HP: 37/37 MP: 6/6
  2357 | D:3      | Noticed Robin
  2645 | D:3      | Reached skill level 1 in Short Blades
  2932 | D:3      | Killed Robin
  2933 | D:3      | Reached XP level 5. HP: 43/45 MP: 7/7
  3152 | D:3      | Noticed Sigmund
  3165 | D:3      | Killed Sigmund
  3166 | D:3      | Reached XP level 6. HP: 32/51 MP: 8/8
  4915 | D:4      | Found a large runed translucent door.
  4916 | D:4      | Found a large runed translucent door.
  4918 | D:4      | Noticed 112233's ghost (amateur DsNe)
  5428 | D:5      | Entered Level 5 of the Dungeon
  5714 | D:5      | Reached XP level 7. HP: 59/59 MP: 9/9
  5839 | D:1      | Bought a pair of crude boots for 266 gold pieces
  5839 | D:1      | Identified the +1 pair of boots of Makhleb's Generosity
                  | {Drain +Blink rC+ rN+} (You bought it in a shop on level 1
                  | of the Dungeon)
  6050 | D:5      | Reached skill level 5 in Short Blades
  6170 | D:5      | You fall into a shaft and drop 2 floors!
  6921 | D:6      | Learned a level 4 spell: Iskenderun's Mystic Blast
  7045 | D:5      | Reached skill level 1 in Conjurations
  7139 | D:6      | Reached skill level 1 in Spellcasting
  8115 | D:6      | Reached skill level 1 in Translocations
  8254 | D:6      | Reached XP level 8. HP: 66/67 MP: 14/14
  9529 | D:7      | Found a staircase to the Ecumenical Temple.
  9549 | Temple   | Entered the Ecumenical Temple
  9987 | D:7      | Reached skill level 5 in Conjurations
 10081 | D:7      | Learned a level 2 spell: Momentum Strike
 10795 | D:7      | Reached XP level 9. HP: 72/72 MP: 17/17
 11077 | D:7      | Found Marduk's Dragon-Slaying Spoils.
 11378 | D:7      | Found a staircase to the Ecumenical Temple.
 11619 | D:7      | Found Marduk's Dragon-Slaying Spoils.
 12791 | D:8      | Reached skill level 5 in Spellcasting
 12791 | D:8      | Reached skill level 5 in Translocations
 12943 | D:8      | Learned a level 2 spell: Blink
 13007 | D:8      | Reached XP level 10. HP: 77/80 MP: 5/21
 14244 | D:9      | Learned a level 4 spell: Fulminant Prism
 14410 | D:9      | Reached skill level 1 in Hexes
 14416 | D:9      | Identified the ring "Sepp" {+Blink rPois Will- MP+9}
 14647 | D:9      | Noticed a two-headed ogre
 14648 | D:9      | Noticed a two-headed ogre
 14852 | D:9      | Found a staircase to the Orcish Mines.
 14990 | D:9      | Killed a two-headed ogre
 14996 | D:9      | Noticed a centaur warrior
 15148 | D:9      | Noticed a cyclops
 15296 | D:9      | Noticed a five-headed hydra
 15485 | D:9      | Noticed a manticore
 15496 | D:9      | Killed a manticore
 15512 | D:10     | Entered Level 10 of the Dungeon
 15604 | D:10     | Found Sozug's Armour Boutique.
 15612 | D:10     | Bought a +0 helmet of intelligence for 161 gold pieces
 15664 | D:10     | Noticed Urug
 15677 | D:10     | Killed Urug
 15872 | D:10     | Noticed a green death
 15875 | D:10     | Noticed a smoke demon
 15875 | D:10     | Noticed a smoke demon
 15944 | D:10     | Reached skill level 5 in Hexes
 16112 | D:10     | Noticed Lodul
 16120 | D:10     | Killed Lodul
 16121 | D:10     | Reached XP level 11. HP: 85/85 MP: 7/25
 16123 | D:10     | Noticed a two-headed ogre
 16142 | D:10     | Noticed Grum
 16183 | D:10     | Killed a two-headed ogre
 16184 | D:10     | Killed Grum
 16518 | D:10     | Learned a level 4 spell: Summon Lightning Spire
 16638 | D:10     | Reached skill level 1 in Air Magic
 16776 | D:10     | Found a staircase to the Lair.
 16971 | D:10     | Reached skill level 1 in Summonings
 17419 | D:10     | Found Sozug's Armour Boutique.
 17588 | D:10     | Found a staircase to the Lair.
 18007 | D:9      | Killed a five-headed hydra
 18272 | D:9      | Identified the +1 hand axe of Valiance {spect, Drain rF+
                  | Stlth+}
 18365 | D:9      | Killed a centaur warrior
 18529 | D:9      | Killed a two-headed ogre
 19225 | D:9      | Found a staircase to the Orcish Mines.
 19452 | D:4      | Killed 112233's ghost
 20027 | D:11     | Noticed a two-headed ogre
 20036 | D:11     | Killed a two-headed ogre
 21001 | D:11     | Reached XP level 12. HP: 93/93 MP: 28/28
 21045 | D:11     | Reached skill level 5 in Fighting
 22707 | Lair:1   | Entered Level 1 of the Lair of Beasts
 23195 | Lair:1   | Found a runed translucent door.
 23200 | Lair:1   | Identified the +4 spear of Ysuwisush {flame, rElec rCorr
                  | Str-3 Int+5}
 23200 | Lair:1   | Noticed Puas's ghost (journeyman GrBe)
 23259 | Lair:1   | Reached skill level 5 in Summonings
 23549 | Lair:1   | Reached skill level 5 in Air Magic
 24110 | Lair:1   | Killed Puas's ghost
 24471 | Lair:2   | Found a staircase to the Snake Pit.
 24479 | Lair:2   | Reached skill level 1 in Polearms
 24754 | Lair:2   | Reached skill level 1 in Shields
 25083 | Lair:2   | Noticed a four-headed hydra
 25095 | Lair:2   | Killed a four-headed hydra
 25288 | Lair:2   | Reached XP level 13. HP: 95/104 MP: 26/29
 25341 | Lair:2   | Found a staircase to the Shoals.
 25779 | Lair:2   | Found a staircase to the Snake Pit.
 25969 | Lair:2   | Found a staircase to the Shoals.
 26892 | Lair:3   | Found the +0 mask of the Dragon {Will+ Slay+3 SInv}
 27213 | Lair:3   | Mangled by a catoblepas

Illustrated notes

Levels and vault maps discovered:
D:1:      eino_arrival_tree_alley, layout_rooms, serial_shops,
          nicolae_lakefront_shop
D:2:      layout_basic, shapermc_ecumenical_altar_mp_urbaneastern,
          serial_park_tiny_2
D:3:      layout_basic, grunt_decor_resistance, st_stairs_3, uniq_robin,
          uniq_sigmund
D:4:      layout_loops_corners, ebering_ghost_disaster_area
D:5:      layout_rooms, lemuel_round_altar, nicolae_ashenzari_skybound,
          overflow_temple_1_default
D:6:      minmay_thick_lines, layout_cave_pods, mainiacjoe_overflow_alcove_2
D:7:      layout_cave_pools, temple_green, nicolae_shop_dragon_depot,
          hangedman_decor_lopped, amcnicky_mini_pool_medium
D:8:      layout_basic, elyvilon_altar_5, the_hattery
D:9:      minmay_the_grid_square_5x5_3x3
          [minmay_the_grid_square_5x5_checkered_statues,
          minmay_the_grid_square_5x5_minivault,
          minmay_the_grid_square_5x5_three, minmay_the_grid_square_5x5_slash,
          minmay_the_grid_square_5x5_megaprize_open,
          minmay_the_grid_square_5x5_hourglass,
          minmay_the_grid_square_5x5_lines, minmay_the_grid_square_5x5_forky,
          minmay_the_grid_square_5x5_tri_point], layout_cave_pools,
          mainiacjoe_overflow_chevrons
D:10:     layout_irregular_city, mainiacjoe_overflow_boulevard,
          makhleb_altar_promises_db, lair_entry_dummy, serial_shops, shop,
          minmay_unpleasant_kobolds, uniq_grum, uniq_lodul, uniq_urug
D:11:     minmay_razor_zed, layout_layer_cave
Temple:   nicolae_temple_great_sept
Lair:1:   layout_chaotic_city, ebering_ghost_funeral_grove
Lair:2:   layout_loops_ring, minmay_shoals_entry_lonely_mermaid,
          guppyfry_snake_entry_garden
Lair:3:   layout_loops_ring, lemuel_fruit_tree, grunt_megastairs_5

Skill      XL: |  1  2  3  4  5  6  7  8  9 10 11 12 13 |
---------------+----------------------------------------+-----
Fighting       | 1 2 3 4 6 7 |  7.0
Maces & Flails | 1 |  1.0
Evocations     | 3 |  3.0
Stealth        | 1 2 |  2.0
Armour         | 2 |  2.0
Short Blades   | 2 3 4 5 7 |  7.5
Conjurations   | 3 6 7 |  7.9
Spellcasting   | 2 3 5 6 7 |  7.9
Translocations | 1 3 5 7 |  7.9
Hexes          | 5 7 |  7.9
Air Magic      | 3 5 6 |  6.0
Summonings     | 3 5 6 |  6.2
Polearms       | 2 3 |  3.5
Shields        | 1 2 |  2.4
Dodging        | |  0.8

Action                     |  1- 3 |  4- 6 |  7- 9 | 10-12 | 13-15 || total
---------------------------+-------+-------+-------+-------+-------++-------
  Melee: Whip              |   221 |    68 |       |       |       ||   289
         Punch             |     1 |     2 |     3 |     5 |       ||    11
         Short sword       |       |    99 |   279 |       |       ||   378
         Falchion          |       |       |    12 |    12 |       ||    24
         Dagger            |       |       |   118 |   233 |       ||   351
         Spear             |       |       |       |    39 |    52 ||    91
   Fire: Sling             |     6 |       |       |       |       ||     6
  Throw: Stone             |    10 |       |    42 |     1 |       ||    53
         Boomerang         |       |    23 |       |    20 |       ||    43
         Dart              |       |       |     5 |       |       ||     5
   Cast: Iskenderun's Myst |       |       |    32 |   175 |    34 ||   241
         Momentum Strike   |       |       |     9 |     1 |       ||    10
         Fulminant Prism   |       |       |       |    40 |       ||    40
         Summon Lightning  |       |       |       |     1 |       ||     1
  Evoke: Wand              |     4 |     6 |    14 |     6 |       ||    30
         Condenser vane    |       |       |       |     2 |       ||     2
    Use: Scroll            |     6 |     1 |    10 |     7 |     1 ||    25
         Potion            |       |       |       |     7 |       ||     7
   Stab: Distracted        |     2 |       |     1 |       |       ||     3
         Sleeping          |       |     1 |     3 |       |     1 ||     5
 Armour: Leather armour    |    64 |    40 |       |       |       ||   104
         Robe              |       |     9 |    98 |   144 |    11 ||   262
  Dodge: Dodged            |   127 |    73 |   180 |   169 |    17 ||   566
  Block: Other             |       |       |       |    29 |     5 ||    34
         Buckler           |       |       |       |       |    13 ||    13

Table legend: (Time is in decaauts)
 A = Elapsed time spent in this place.
 B = Non-inter-level travel time spent in this place.
 C = Inter-level travel time spent in this place.
 D = Time resting spent in this place.
 E = Time spent auto-exploring this place.
 F = Levels seen in this place.
 G = Mean time per level.
                   A        B        C        D        E       F      G
               +--------+--------+--------+--------+--------+-----+--------+
         Total |  27130 |  26011 |   1119 |   1749 |  20184 |  15 | 1808.7 |
       Dungeon |  22510 |  21472 |   1038 |   1742 |  16274 |  11 | 2046.4 |
        Temple |    128 |    115 |     13 |      0 |    105 |   1 |  128.0 |
          Lair |   4491 |   4423 |     68 |      6 |   3804 |   3 | 1497.0 |
               +--------+--------+--------+--------+--------+-----+--------+

Top non-repeatable levels by time:
     D:8: 3174 daAuts
    D:11: 2984 daAuts
    D:10: 2688 daAuts
     D:6: 2497 daAuts
     D:3: 2481 daAuts
     D:7: 2224 daAuts
  Lair:2: 2165 daAuts
     D:9: 1594 daAuts
  Lair:1: 1514 daAuts
     D:4: 1493 daAuts
     D:5: 1486 daAuts
     D:2: 1018 daAuts
     D:1: 866 daAuts
  Lair:3: 811 daAuts
  Temple: 128 daAuts
